 Dungeon Crawl Stone Soup version 0.25-a0-842-g81a31cfd23 (webtiles) character file.

Game seed: 7439695320067614771, levelgen mode: deterministic

403 tilp the Bolt Thrower (level 7, -4/43 HPs)
             Began as a Kobold Arcane Marksman on Apr 24, 2020.
             Killed by divine providence
             ... invoked by an orc priest
              (14 damage)
             ... on level 3 of the Dungeon.
             The game lasted 00:12:28 (4645 turns).

tilp the Bolt Thrower (Kobold Arcane Marksman)      Turns: 4645, Time: 00:12:28

Health: -4/43      AC:  8    Str:  9    XL:     7   Next: 11%
Magic:  6/8        EV: 14    Int: 15    God:
Gold:   166        SH:  0    Dex: 15    Spells: 2/8 levels left

rFire    + . .     SeeInvis .   a - +0 hand crossbow
rCold    . . .     Gourm    .   (shield restricted)
rNeg     + . .     Faith    .   y - +3 leather armour
rPois    .         Spirit   .   (no helmet)
rElec    .         Reflect  .   (no cloak)
rCorr    .         Harm     .   r - +1 pair of gloves
MR       .....                  (no boots)
Stlth    +.........             (no amulet)
HPRegen  0.14/turn              l - ring of protection from fire
MPRegen  0.11/turn              n - ring of positive energy

@: no status effects
A: small, carnivore
a: no special abilities


You were on level 3 of the Dungeon.
You were completely stuffed.

You visited 1 branch of the dungeon, and saw 4 of its levels.

You collected 166 gold pieces.

Inventory:

Hand Weapons
 a - a +0 hand crossbow (weapon)
 b - a +2 whip of electrocution
 w - a +0 morningstar
 x - a +4 dagger
Missiles
 d - 16 bolts (quivered)
 s - 15 poisoned darts
Armour
 i - a +0 buckler
 r - a +1 pair of gloves (worn)
 y - a +3 leather armour (worn)
Jewellery
 f - an uncursed ring of protection from cold
 l - a ring of protection from fire (left hand)
 n - a ring of positive energy (right hand)
 A - an uncursed amulet of magic regeneration {unknown}
 C - a +5 ring of dexterity {unknown}
Wands
 k - a wand of digging (3)
Scrolls
 e - a scroll of amnesia {unknown}
 g - a scroll of noise {unknown}
 h - a scroll of blinking {unknown}
 j - 5 scrolls of remove curse
 m - a scroll of teleportation {unknown}
 o - a scroll of fog {unknown}
 p - a scroll of immolation {unknown}
 t - 3 scrolls of magic mapping
Potions
 q - a potion of curing
 u - a potion of brilliance
 v - 4 potions of lignification
 z - a potion of berserk rage {unknown}
Comestibles
 c - 5 rations
 B - 8 chunks of flesh


   Skills:
 - Level 4.0 Fighting
 - Level 6.0 Crossbows
 - Level 2.4 Dodging
 + Level 2.4 Shields
 - Level 1.2 Spellcasting
 - Level 3.0 Hexes


You had 2 spell levels left.
You knew the following spells:

 Your Spells              Type           Power        Failure   Level  Hunger
a - Corona                Hex            ##.....      10%         1    ##.....
b - Slow                  Hex            ##......     14%         2    ###....
c - Portal Projectile     Hex/Tloc       #.....       47%         3    ####...

Your spell library contained the following spells:

 Spells                   Type           Power        Failure   Level  Hunger
 Animate Skeleton         Necr           N/A          34%         1    ##.....
 Pain                     Necr           #...         34%         1    ##.....
 Inner Flame              Hex/Fire       #.......     47%         3    ####...
 Cause Fear               Hex            ##........   67%         4    #####..
 Vampiric Draining        Necr           #.........   71%         3    ####...
 Leda's Liquefaction      Hex/Erth       #.........   87%         4    #####..
 Animate Dead             Necr           N/A          98%         4    #####..
 Agony                    Necr           #.......     100%        5    ######.


Dungeon Overview and Level Annotations

Branches:
Dungeon (4/15)
 Temple: D:4-7

Altars:
Dithmenos
Gozag
Vehumet

Annotations:
D:4 Sigmund


Innate Abilities, Weirdness & Mutations

You are small and have problems with some larger weapons.
You are carnivorous and can eat meat at any time.


Message History

You shoot a bolt.
The bolt completely misses the orc priest.
The orc priest hits you with a +0 flail.
* * * LOW HITPOINT WARNING * * *
Firing (i - inventory. (/) - cycle)
d - 18 bolts (quivered)
Press: ? - help, Shift-Dir - straight line, f/p - orc priest
Aim: an orc priest, wielding a +0 flail and wearing a +0 leather armour (almost dead, softly glowing)
You shoot a bolt.
The bolt completely misses the orc priest.
The orc priest hits you but does no damage.
Unknown command.
Firing (i - inventory. (/) - cycle)
d - 17 bolts (quivered)
Press: ? - help, Shift-Dir - straight line, f/p - orc priest
Aim: an orc priest, wielding a +0 flail and wearing a +0 leather armour (almost dead, softly glowing)
You shoot a bolt.
The bolt hits the orc priest but does no damage.
The orc priest is almost dead.
The orc priest calls down the wrath of Beogh upon you.
Beogh smites you!
You die...

...<.....#.#.#.#
##########.....# ###.###
########.# #########
#........# #.......####### #
#........# #.#####.......# ##
## #.#####..#
#.#####..####.###.
.####.##.....#
#.##..............
.........##.##
#@##.##..####.###.
............# #o.......####.#
## ####........#
####.###......# # #...######
#.########## ## #...# #..# #.
## #...# ####.### #. .#
#...##### #......###### #.
.###...#...######.##.#......#
#.
.............#....##.#......#
#.


You could see an orc priest.

Vanquished Creatures
  Menkaure (D:4)
  2 orc priests
  An iguana (D:3)
  2 orc wizards (D:4)
  A worker ant (D:4)
  2 adders
  4 worms (D:2)
  3 dart slugs
  4 leopard geckos
  13 orcs
  5 giant cockroaches
  6 goblins
  7 hobgoblins
  4 jackals (D:3)
  3 quokkas
  A ball python (D:1)
  5 bats
  4 frilled lizards
  5 kobolds
  8 rats
81 creatures vanquished.

Notes
Turn   | Place    | Note
-------+----------+-------------------------------------------
     0 | D:1      | tilp the Kobold Arcane Marksman began the quest for the
                  | Orb.
     0 | D:1      | Reached XP level 1. HP: 12/12 MP: 2/2
   133 | D:1      | Reached skill level 3 in Crossbows
   133 | D:1      | Reached XP level 2. HP: 16/16 MP: 3/3
   676 | D:1      | Reached skill level 4 in Crossbows
   676 | D:1      | Reached XP level 3. HP: 20/20 MP: 4/4
  1119 | D:2      | Found an opulent altar of Gozag.
  1386 | D:2      | Found a shadowy altar of Dithmenos.
  1387 | D:2      | Found a radiant altar of Vehumet.
  1474 | D:2      | Learned a level 2 spell: Slow
  1727 | D:2      | Found a shadowy altar of Dithmenos.
  1779 | D:2      | Reached XP level 4. HP: 25/25 MP: 3/5
  1855 | D:2      | Reached skill level 5 in Crossbows
  2575 | D:3      | Reached skill level 6 in Crossbows
  2575 | D:3      | Reached XP level 5. HP: 18/29 MP: 4/6
  2794 | D:3      | Learned a level 3 spell: Portal Projectile
  3535 | D:3      | Found a faded altar of an unknown god.
  3693 | D:4      | Reached XP level 6. HP: 37/37 MP: 5/7
  4457 | D:4      | Noticed Menkaure
  4462 | D:4      | Killed Menkaure
  4462 | D:4      | Reached XP level 7. HP: 43/43 MP: 8/8
  4599 | D:4      | Noticed Sigmund
  4645 | D:3      | Killed from afar by an orc priest

Levels and vault maps discovered:
D:1:      kennysheep_arrival_forest, layout_basic, due_unseen_surprise
D:2:      layout_basic, grunt_gozag_statues, gammafunk_temple_overflow_statue,
          nicolae_dithmenos_through_a_glass_darkly
D:3:      layout_loops_cross, chequers_ecumenical_altar_grove, first_ration
D:4:      layout_basic, serial_shops, shop, serial_park_tiny_1, uniq_ijyb,
          uniq_menkaure, uniq_robin, uniq_sigmund

Skill      XL: |  1  2  3  4  5  6 |
---------------+-------------------+-----
Crossbows      | 3 4 6 |  6.0
Fighting       | 3 4 |  4.0
Shields        | 2 |  2.4
Dodging        | |  2.4
Spellcasting   | |  1.2
Hexes          | |  3.0

Action                   |  1- 3 |  4- 6 |  7- 9 || total
-------------------------+-------+-------+-------++-------
Melee: Dagger            |    79 |    98 |       ||   177
       Hand axe          |       |     3 |       ||     3
       Whip              |       |     4 |     1 ||     5
 Fire: Hand crossbow     |    51 |    75 |    14 ||   140
 Cast: Corona            |    16 |    26 |     4 ||    46
       Slow              |       |       |     2 ||     2
Evoke: Wand              |       |     1 |       ||     1
  Use: Scroll            |     2 |     5 |       ||     7
 Stab: Sleeping          |     1 |     1 |       ||     2
  Eat: Chunk             |    11 |    10 |     1 ||    22
Armor: Leather armour    |    11 |    43 |     4 ||    58
Dodge: Dodged            |    55 |   124 |     7 ||   186

Table legend:
 A = Non-vault XP
 B = Vault XP
 C = Vault XP percentage of total XP
 D = Non-vault monster count
 E = Vault monster count
 F = Vault count percentage of total count
                 A         B        C        D         E       F
            +---------+---------+-------+---------+---------+-------
      Total |     407 |     169 |  29.3 |      80 |       1 |   1.2
            +---------+---------+-------+---------+---------+-------
        D:1 |      30 |       0 |   0.0 |      16 |       0 |   0.0
        D:2 |      67 |       0 |   0.0 |      24 |       0 |   0.0
        D:3 |     144 |       0 |   0.0 |      28 |       0 |   0.0
        D:4 |     166 |     169 |  50.4 |      12 |       1 |   7.7
            +---------+---------+-------+---------+---------+-------
